 Dungeon Crawl Stone Soup version 0.25-a0-781-gc44aebf4fe (webtiles) character file.

Game seed: 6036296854665838771, levelgen mode: deterministic

961 Maedhros the Sneak (level 8, -4/48 HPs)
             Began as an Octopode Artificer on Apr 15, 2020.
             Slain by Pikel
             ... wielding a +1 whip of electrocution
              (10 damage)
             ... on level 4 of the Dungeon.
             The game lasted 00:04:41 (2740 turns).

Maedhros the Sneak (Octopode Artificer)             Turns: 2740, Time: 00:04:41

Health: -4/48      AC:  1    Str: 11    XL:     8   Next: 15%
Magic:  10/10      EV: 13    Int: 13    God:
Gold:   104        SH:  0    Dex: 15    Spells: 7/7 levels left

rFire    . . .     SeeInvis .     - Unarmed
rCold    . . .     Gourm    .   (no shield)
rNeg     . . .     Faith    .   (helmet restricted)
rPois    .         Spirit   .   (no amulet)
rElec    .         Reflect  .   (no ring)
rCorr    .         Harm     .   (no ring)
MR       .....                  (no ring)
Stlth    +++++.....             (no ring)
HPRegen  0.16/turn              (no ring)
MPRegen  0.12/turn              (no ring)
                                (no ring)
                                (no ring)

@: no status effects
A: almost no armour, stealthy swim, amphibious, 8 rings, constrict 8, camouflage
1, gelatinous body 1
a: no special abilities


You were on level 4 of the Dungeon.
You were not hungry.

You visited 1 branch of the dungeon, and saw 5 of its levels.

You collected 104 gold pieces.

Inventory:

Hand Weapons
 a - a +0 short sword
Wands
 b - a wand of flame (2)
 g - a wand of iceblast (10)
 i - a wand of digging (5)
Scrolls
 d - 2 scrolls of teleportation {unknown}
 h - 2 scrolls of identify {unknown}
 j - a scroll of blinking {unknown}
 k - 2 scrolls of remove curse {unknown}
 l - a scroll of amnesia {unknown}
Potions
 e - a potion of lignification
 m - a potion of mutation {unknown}
Comestibles
 f - 7 rations


   Skills:
 - Level 1.0 Fighting
 - Level 1.0 Short Blades
 - Level 2.0 Dodging
 + Level 7.6 Stealth
 * Level 7.3 Unarmed Combat
 - Level 3.2 Evocations


You had 7 spell levels left.
You didn't know any spells.
Your spell library contained the following spells:

 Spells                   Type           Power        Failure   Level  Hunger
 Corona                   Hex            #......      30%         1    ##.....
 Magic Dart               Conj           #...         30%         1    ##.....
 Blink                    Tloc           N/A          43%         2    ###....
 Call Imp                 Summ           #.......     43%         2    ###....
 Ensorcelled Hibernation  Hex/Ice        #.....       43%         2    ###....
 Slow                     Hex            #.......     43%         2    ###....
 Confusing Touch          Hex            #.......     67%         3    ####...
 Conjure Flame            Conj/Fire      #.......     67%         3    ####...
 Dazzling Flash           Conj/Hex       #.....       67%         3    ####...
 Mephitic Cloud           Conj/Pois/Air  #.......     67%         3    ####...
 Tukima's Dance           Hex            #.......     67%         3    ####...


Dungeon Overview and Level Annotations

Branches:
Dungeon (5/15)
 Temple: D:4-7

Altars:
Nemelex Xobeh
Xom

Annotations:
D:4 Pikel


Innate Abilities, Weirdness & Mutations

You cannot wear most types of armour.
You are very stealthy in the water. (Stealth+)
You are amphibious.
You can wear up to eight rings at the same time.
You can use your tentacles to constrict eight enemies at once.
Your skin changes colour to match your surroundings (Stealth+).
Your rubbery body absorbs attacks. (AC +1, EV +1)


Message History

Pikel resists with significant effort.
The now-empty wand crumbles to dust.
Pikel hits you with a +1 whip of electrocution.
Evoke which item? (* to show all) (? for menu, Esc to quit)
You don't have any such object.
Evoke which item? (* to show all) (? for menu, Esc to quit)
You don't have any such object.
Evoke which item? (* to show all) (? for menu, Esc to quit)
Okay, then.
Unknown command.
You swap places.
Pikel hits you with a +1 whip of electrocution!
You are electrocuted!
* * * LOW HITPOINT WARNING * * *
You swap places.
Okay, then.
Pikel cracks his whip.
Pikel hits you with a +1 whip of electrocution.
* * * LOW HITPOINT WARNING * * *
You are electrocuted!
You die...

.... #..#........#. ...
##.#......<.##.####
...######p..#####.###....#
......p...<.............
####..........#..######
#..........##...#
#......p...####.#
#...>....K......##
#.........@####..#
############ ##.# ###


You could see Pikel and 3 neutral freed slaves.

Vanquished Creatures
  Eustachio (D:5)
  A sky beast (D:5)
  An ice beast (D:5)
  2 ogres (D:4)
  A centaur (D:5)
  Blork the orc (D:4)
  A crimson imp (D:5)
  A centaur zombie (D:5)
  A jelly (D:5)
  3 orc wizards (D:5)
  An orc priest (D:5)
  A worker ant (D:4)
  A howler monkey zombie (D:5)
  2 adders
  2 shadow imps (D:5)
  An adder skeleton (D:5)
  2 worms (D:5)
  4 leopard geckos (D:5)
  2 orcs
  4 giant cockroaches
  3 goblins
  5 hobgoblins
  2 kobolds
  A quokka (D:5)
  4 frilled lizards
  3 rats
51 creatures vanquished.

Vanquished Creatures (collateral kills)
  A crimson imp (D:4)
  An adder skeleton (D:4)
  An adder zombie (D:5)
  An orc (D:2)
  A hobgoblin (D:1)
  2 jackals (D:1)
7 creatures vanquished.

Vanquished Creatures (others)
  An orc wizard (D:2)
  A jackal (D:1)
2 creatures vanquished.

Grand Total: 60 creatures vanquished

Notes
Turn   | Place    | Note
-------+----------+-------------------------------------------
     0 | D:1      | Maedhros the Octopode Artificer began the quest for the
                  | Orb.
     0 | D:1      | Reached XP level 1. HP: 13/13 MP: 3/3
    26 | D:1      | Reached skill level 1 in Unarmed Combat
    30 | D:1      | Reached XP level 2. HP: 11/18 MP: 4/4
   411 | D:3      | Reached XP level 3. HP: 20/23 MP: 5/5
   586 | D:4      | Noticed Blork the orc
   593 | D:4      | HP: 1/23 [worm (9)]
   603 | D:4      | Killed Blork the orc
   603 | D:4      | Reached XP level 4. HP: 2/28 MP: 6/6
   608 | D:4      | Noticed an ogre
   614 | D:4      | Killed an ogre
   614 | D:4      | Reached XP level 5. HP: 4/33 MP: 7/7
   943 | D:4      | Noticed an ogre
   951 | D:4      | Killed an ogre
   951 | D:4      | Reached skill level 5 in Stealth
   951 | D:4      | Reached XP level 6. HP: 26/38 MP: 8/8
  1020 | D:4      | Found a sparkling altar of Nemelex Xobeh.
  1281 | D:4      | Noticed a slave
  1283 | D:4      | Noticed a slave
  1283 | D:4      | Noticed a slave
  1283 | D:4      | Noticed Pikel
  1283 | D:4      | Noticed a slave
  1286 | D:5      | Entered Level 5 of the Dungeon
  1303 | D:5      | Noticed Eustachio
  1310 | D:5      | Reached skill level 5 in Unarmed Combat
  1365 | D:5      | Killed Eustachio
  1365 | D:5      | Reached XP level 7. HP: 43/43 MP: 9/9
  2241 | D:5      | Found a shimmering altar of Xom.
  2263 | D:5      | Reached XP level 8. HP: 7/48 MP: 10/10
  2740 | D:4      | Slain by Pikel

Levels and vault maps discovered:
D:1:      evilmike_arrival_hilbert_curve, layout_rooms
D:2:      minmay_inner_zag, layout_basic, minmay_tetromino_t4
D:3:      minmay_chambers_of_twos, layout_basic, kennysheep_generic_room_6
D:4:      layout_rooms, first_ration, nemelex_spade_bored_becter,
          uniq_blork_the_orc, uniq_duvessa, uniq_pikel
D:5:      layout_cave_pools, tgw_xom, uniq_eustachio

Skill      XL: |  1  2  3  4  5  6  7 |
---------------+----------------------+-----
Unarmed Combat | 1 2 3 4 5 7 |  7.3
Stealth        | 2 3 4 5 6 7 |  7.6
Fighting       | |  1.0
Short Blades   | |  1.0
Dodging        | |  2.0
Evocations     | |  3.2

Action                   |  1- 3 |  4- 6 |  7- 9 || total
-------------------------+-------+-------+-------++-------
Melee: Short sword       |    41 |    29 |       ||    70
       Constrict         |    15 |     4 |    11 ||    30
       Punch             |     2 |     1 |     3 ||     6
       Tentacles         |     2 |     3 |    16 ||    21
       Unarmed           |       |     6 |    58 ||    64
Evoke: Wand              |    14 |    14 |    18 ||    46
  Use: Potion            |       |     3 |       ||     3
 Stab: Sleeping          |     1 |     2 |     3 ||     6
       Paralysed         |     4 |     3 |     1 ||     8
       Distracted        |       |     1 |       ||     1
  Eat: Ration            |       |       |     2 ||     2
Armor: Skin              |     3 |     5 |     5 ||    13
Dodge: Dodged            |    31 |    14 |    29 ||    74

Table legend:
 A = Non-vault XP
 B = Vault XP
 C = Vault XP percentage of total XP
 D = Non-vault monster count
 E = Vault monster count
 F = Vault count percentage of total count
                 A         B        C        D         E       F
            +---------+---------+-------+---------+---------+-------
      Total |    1066 |     307 |  22.4 |      51 |       7 |  12.1
            +---------+---------+-------+---------+---------+-------
        D:1 |      15 |       0 |   0.0 |      11 |       0 |   0.0
        D:2 |       5 |       0 |   0.0 |       3 |       0 |   0.0
        D:3 |      22 |       0 |   0.0 |       7 |       0 |   0.0
        D:4 |     297 |     100 |  25.2 |       7 |       1 |  12.5
        D:5 |     727 |     207 |  22.2 |      23 |       6 |  20.7
            +---------+---------+-------+---------+---------+-------
